SA
WALLA WALLA WALLEYE @ DELAWARE 1787 BC
08/12/2029
 
TOP OF THE 1ST
Walla Walla Walleye batting - Pitching for Delaware 1787 BC : RHP Francisco López
Pitching: RHP Francisco López
Batting: RHB Héctor Espiga 0-0: SINGLE (Line Drive, 8LS)
Batting: RHB Olubowale Akintimehin 0-0: Ball
1-0: Ball
2-0: Called Strike
2-1: Ball
3-1: Ground out 5-3 (Groundball, 5S)
Héctor Espiga to second
Batting: RHB Rex Criscuolo 0-0: Called Strike
0-1: Ball
Héctor Espiga is caught stealing 3rd base
1-1: Called Strike
1-2: Fly out, F7 (Flyball, 7S)
Top of the 1st over - 0 runs, 1 hit, 0 errors, 0 left on base; Walla Walla 0 - Delaware 0
BOTTOM OF THE 1ST
Delaware 1787 BC batting - Pitching for Walla Walla Walleye : LHP Ids Knegt
Pitching: LHP Ids Knegt
Batting: RHB Toyozo Yamasaki 0-0: Ball
1-0: Ball
2-0: Ball
3-0: Called Strike
3-1: Base on Balls
Batting: RHB Mike Pate 0-0: Called Strike
0-1: Fly out, F4 (Popup, 4M)
Batting: RHB Jeff Quesenberry 0-0: Fly out, F6 (Popup, 6MS)
Batting: RHB Elwiin Hund 0-0: Ball
1-0: Called Strike
Throwing error on steal attempt, E2
Toyozo Yamasaki to third
1-1: Ball
2-1: Foul Ball, location: 2F
2-2: Foul Ball, location: 2F
2-2: Foul Ball, location: 2F
2-2: Ball
Wild Pitch!
Toyozo Yamasaki scores
3-2: Foul Ball, location: 2F
3-2: Fly out, F7 (Flyball, 7S)
Bottom of the 1st over - 1 run, 0 hits, 1 error, 0 left on base; Walla Walla 0 - Delaware 1
TOP OF THE 2ND
Walla Walla Walleye batting - Pitching for Delaware 1787 BC : RHP Francisco López
Batting: RHB Luis Delvalle 0-0: SINGLE (Groundball, 6D)
Batting: LHB Johan Kroening 0-0: Ball
1-0: Foul Ball, location: 2F
1-1: SINGLE (Line Drive, 9S)
Luis Delvalle to second
Batting: RHB Leonardo Medina 0-0: Ball
1-0: Foul Ball, location: 2F
1-1: SINGLE (Groundball, 6MD)
Luis Delvalle to third
Johan Kroening to second
Batting: RHB José de la Cavallería 0-0: Called Strike
0-1: Ball
1-1: SINGLE (Groundball, 4MD)
Luis Delvalle scores
Johan Kroening to third
Leonardo Medina to second
Runner from 3rd tries for Home, SAFE, throw made home
Batting: RHB Gustavo Ortíz 0-0: Called Strike
0-1: Ball
1-1: Ball
2-1: Swinging Strike
2-2: Strikes out looking
Batting: LHB Mo Eayrs 0-0: Ball
1-0: Called Strike
1-1: Grounds into double play, 5-4-3 (Groundball, 5)
Top of the 2nd over - 2 runs, 4 hits, 0 errors, 1 left on base; Walla Walla 2 - Delaware 1
BOTTOM OF THE 2ND
Delaware 1787 BC batting - Pitching for Walla Walla Walleye : LHP Ids Knegt
Batting: RHB John Willoughby 0-0: Ball
1-0: SINGLE (Line Drive, 7LS)
Batting: LHB Bryce Abood 0-0: Called Strike
0-1: SINGLE (Groundball, 3D)
John Willoughby to second
Runner from 2nd tries for 3rd, SAFE, no throw
Batting: LHB Xuan-ling Liao 0-0: 3-RUN HOME RUN (Flyball, 89XD), Distance : 394 ft
Batting: LHB Hai-feng Tang 0-0: SINGLE (Line Drive, 6D)
Batting: RHB Tobias Jimenez 0-0: Ball
1-0: Ball
2-0: Ball
3-0: Base on Balls
Hai-feng Tang to second
Batting: RHB Toyozo Yamasaki 0-0: Foul Ball, location: 2F
0-1: Ball
1-1: Swinging Strike
1-2: Strikes out swinging
Batting: RHB Mike Pate 0-0: Ball
1-0: Ball
2-0: Called Strike
2-1: Called Strike
2-2: Foul Ball, location: 2F
2-2: Fielders Choice at 2nd, 1-6 (Groundball, P)
Hai-feng Tang to third
Batting: RHB Jeff Quesenberry 0-0: Called Strike
0-1: SINGLE (Line Drive, 9LM)
Hai-feng Tang scores
Mike Pate to second
Runner from 2nd tries for 3rd, SAFE, no throw
Batting: RHB Elwiin Hund 0-0: Called Strike
0-1: Ball
1-1: Foul Ball, location: 2F
1-2: Ground out 5-3 (Groundball, 56S)
Bottom of the 2nd over - 4 runs, 5 hits, 0 errors, 2 left on base; Walla Walla 2 - Delaware 5
TOP OF THE 3RD
Walla Walla Walleye batting - Pitching for Delaware 1787 BC : RHP Francisco López
Batting: RHB Héctor Espiga 0-0: Foul Ball, location: 2F
0-1: Ball
1-1: Ball
2-1: Foul Ball, location: 2F
2-2: Ball
3-2: Foul Ball, location: 2F
3-2: Base on Balls
Batting: RHB Olubowale Akintimehin 0-0: Ball
1-0: Called Strike
1-1: Ball
2-1: Ground out 5-3 (Groundball, 56S)
Héctor Espiga to second
Batting: RHB Rex Criscuolo 0-0: Foul Ball, location: 2F
0-1: Ball
1-1: Ball
2-1: Foul Ball, location: 2F
2-2: Ground out 1-3 (Groundball, 13)
Héctor Espiga to third
Batting: RHB Luis Delvalle 0-0: Ball
1-0: Ground out 6-3 (Groundball, 6)
Top of the 3rd over - 0 runs, 0 hits, 0 errors, 1 left on base; Walla Walla 2 - Delaware 5
BOTTOM OF THE 3RD
Delaware 1787 BC batting - Pitching for Walla Walla Walleye : LHP Ids Knegt
Batting: RHB John Willoughby 0-0: Ball
1-0: SOLO HOME RUN (Flyball, 7D), Distance : 375 ft
Batting: LHB Bryce Abood 0-0: Foul Ball, location: 2F
0-1: Foul Ball, location: 2F
0-2: Ball
1-2: Ball
2-2: Ball
3-2: Foul Ball, location: 2F
3-2: Ground out 5-3 (Groundball, 5)
Batting: LHB Xuan-ling Liao 0-0: Ground out 4-3 (Groundball, 4)
Batting: LHB Hai-feng Tang 0-0: Foul Ball, location: 2F
0-1: Ball
1-1: Ball
2-1: Ground out 4-3 (Groundball, 4)
Bottom of the 3rd over - 1 run, 1 hit, 0 errors, 0 left on base; Walla Walla 2 - Delaware 6
TOP OF THE 4TH
Walla Walla Walleye batting - Pitching for Delaware 1787 BC : RHP Francisco López
Batting: LHB Johan Kroening 0-0: Ball
1-0: Called Strike
1-1: SINGLE (Line Drive, 8LS)
Batting: RHB Leonardo Medina 0-0: Swinging Strike
0-1: Foul Ball, location: 2F
0-2: Strikes out swinging
Batting: RHB José de la Cavallería 0-0: Ball
1-0: Ball
2-0: Called Strike
2-1: Foul Ball, location: 2F
2-2: SINGLE (Line Drive, 8RS)
Johan Kroening to second
Batting: RHB Gustavo Ortíz 0-0: Called Strike
José de la Cavallería is caught stealing 2nd base
0-1: Ball
1-1: Foul Ball, location: 2F
1-2: Strikes out looking
Top of the 4th over - 0 runs, 2 hits, 0 errors, 1 left on base; Walla Walla 2 - Delaware 6
BOTTOM OF THE 4TH
Delaware 1787 BC batting - Pitching for Walla Walla Walleye : LHP Ids Knegt
Batting: RHB Tobias Jimenez 0-0: Ball
1-0: Called Strike
1-1: Called Strike
1-2: Ball
2-2: Ball
3-2: SINGLE (Groundball, 4MD)
Batting: RHB Toyozo Yamasaki 0-0: Called Strike
0-1: Ball
1-1: Fielders Choice at 2nd, 5-4 (Groundball, 56)
Batting: RHB Mike Pate 0-0: Called Strike
0-1: Ball
1-1: Swinging Strike
1-2: Fielders Choice at 2nd, 3-6 (Groundball, 3)
Batting: RHB Jeff Quesenberry 0-0: Called Strike
0-1: SINGLE (Line Drive, 78S)
Mike Pate to second
Batting: RHB Elwiin Hund 0-0: Fly out, F7 (Flyball, 78D)
Bottom of the 4th over - 0 runs, 2 hits, 0 errors, 2 left on base; Walla Walla 2 - Delaware 6
TOP OF THE 5TH
Walla Walla Walleye batting - Pitching for Delaware 1787 BC : RHP Francisco López
Batting: LHB Mo Eayrs 0-0: SINGLE (Line Drive, 56)
Batting: RHB Héctor Espiga 0-0: Ball
1-0: Ball
2-0: Ball
3-0: Called Strike
3-1: Base on Balls
Mo Eayrs to second
Batting: RHB Olubowale Akintimehin 0-0: Called Strike
0-1: Ball
1-1: Ball
Wild Pitch!
Mo Eayrs to third
Héctor Espiga to second
2-1: Ball
3-1: Ground out 5-3 (Groundball, 56)
Mo Eayrs scores
Batting: RHB Rex Criscuolo 0-0: Called Strike
0-1: Ball
1-1: Called Strike
1-2: Ball
2-2: Ball
3-2: Ground out U3 (Groundball, 3)
Héctor Espiga to third
Batting: RHB Luis Delvalle 0-0: Fly out, F5 (Line Drive, 5L)
Top of the 5th over - 1 run, 1 hit, 0 errors, 1 left on base; Walla Walla 3 - Delaware 6
BOTTOM OF THE 5TH
Delaware 1787 BC batting - Pitching for Walla Walla Walleye : LHP Ids Knegt
Batting: RHB John Willoughby 0-0: Called Strike
0-1: Ball
1-1: Called Strike
1-2: Foul Ball, location: 2F
1-2: Foul Ball, location: 2F
1-2: Fly out, F8 (Line Drive, 78M)
Batting: LHB Bryce Abood 0-0: Ball
1-0: Ball
2-0: Called Strike
2-1: Swinging Strike
2-2: Strikes out swinging
Batting: LHB Xuan-ling Liao 0-0: Called Strike
0-1: Foul Ball, location: 2F
0-2: SINGLE (Flyball, 9S)
Batting: LHB Hai-feng Tang 0-0: Ball
1-0: Called Strike
1-1: Called Strike
1-2: DOUBLE (Flyball, 8LD)
Xuan-ling Liao to third
Runner from 3rd tries for Home, SAFE, no throw
Pitching: RHP Ronald Beedy
Batting: RHB Tobias Jimenez 0-0: Called Strike
0-1: Fly out, F7 (Flyball, 78M)
Bottom of the 5th over - 1 run, 2 hits, 0 errors, 1 left on base; Walla Walla 3 - Delaware 7
TOP OF THE 6TH
Walla Walla Walleye batting - Pitching for Delaware 1787 BC : RHP Francisco López
Batting: LHB Johan Kroening 0-0: Called Strike
0-1: SINGLE (Line Drive, 4M)
Batting: RHB Leonardo Medina 0-0: Ball
1-0: Grounds into double play, 4-6-3 (Groundball, 4)
Batting: RHB José de la Cavallería 0-0: Ball
1-0: SINGLE (Flyball, 7LS)
Batting: RHB Gustavo Ortíz 0-0: Ground out 3-1 (Groundball, 23)
Top of the 6th over - 0 runs, 2 hits, 0 errors, 1 left on base; Walla Walla 3 - Delaware 7
BOTTOM OF THE 6TH
Delaware 1787 BC batting - Pitching for Walla Walla Walleye : RHP Ronald Beedy
Batting: RHB Toyozo Yamasaki 0-0: Ball
1-0: Ground out U3 (Groundball, 34)
Batting: RHB Mike Pate 0-0: Ground out U3 (Groundball, 3S)
Batting: RHB Jeff Quesenberry 0-0: Ball
1-0: Swinging Strike
1-1: Ball
2-1: Ball
3-1: SINGLE (Line Drive, 89S)
Batting: RHB Elwiin Hund 0-0: Called Strike
0-1: Swinging Strike
0-2: Ball
1-2: SINGLE (Groundball, 34D)
Jeff Quesenberry to second
Runner from 2nd tries for 3rd, SAFE, throw made to third
Batting: RHB John Willoughby 0-0: Called Strike
0-1: Called Strike
0-2: Fly out, F8 (Flyball, 8LM)
Bottom of the 6th over - 0 runs, 2 hits, 0 errors, 2 left on base; Walla Walla 3 - Delaware 7
TOP OF THE 7TH
Walla Walla Walleye batting - Pitching for Delaware 1787 BC : RHP Francisco López
Batting: LHB Mo Eayrs 0-0: Ball
1-0: Called Strike
1-1: Swinging Strike
1-2: Strikes out swinging
Batting: RHB Héctor Espiga 0-0: Ground out 6-3 (Groundball, 6D)
Batting: RHB Olubowale Akintimehin 0-0: Foul Ball, location: 2F
0-1: Swinging Strike
0-2: SOLO HOME RUN (Flyball, 89XD), Distance : 386 ft
Batting: RHB Rex Criscuolo 0-0: Ball
1-0: Ball
2-0: Called Strike
2-1: Fly out, F8 (Flyball, 8RS)
Top of the 7th over - 1 run, 1 hit, 0 errors, 0 left on base; Walla Walla 4 - Delaware 7
BOTTOM OF THE 7TH
Delaware 1787 BC batting - Pitching for Walla Walla Walleye : RHP Ronald Beedy
Batting: LHB Bryce Abood 0-0: Called Strike
0-1: Ball
1-1: Called Strike
1-2: Ball
2-2: Ball
3-2: Base on Balls
Batting: LHB Xuan-ling Liao 0-0: Called Strike
0-1: Ball
1-1: Fielders Choice at 2nd, 6-4 (Groundball, 6)
Batting: LHB Hai-feng Tang 0-0: Swinging Strike
0-1: Ball
1-1: Ball
2-1: Called Strike
2-2: Strikes out swinging
Batting: RHB Tobias Jimenez 0-0: Called Strike
0-1: Ball
1-1: Called Strike
1-2: Foul Ball, location: 2F
1-2: Ball
2-2: Foul Ball, location: 2F
2-2: Strikes out swinging
Bottom of the 7th over - 0 runs, 0 hits, 0 errors, 1 left on base; Walla Walla 4 - Delaware 7
TOP OF THE 8TH
Walla Walla Walleye batting - Pitching for Delaware 1787 BC : RHP Francisco López
Batting: RHB Luis Delvalle 0-0: Called Strike
0-1: Ball
1-1: Called Strike
1-2: Ball
2-2: Ball
3-2: Ground out 5-3 (Groundball, 56)
Batting: LHB Johan Kroening 0-0: Fly out, F4 (Popup, 4D)
Batting: RHB Leonardo Medina 0-0: Swinging Strike
0-1: Ball
1-1: Swinging Strike
1-2: Ground out 3-1 (Groundball, 34S)
Top of the 8th over - 0 runs, 0 hits, 0 errors, 0 left on base; Walla Walla 4 - Delaware 7
BOTTOM OF THE 8TH
Delaware 1787 BC batting - Pitching for Walla Walla Walleye : RHP Ronald Beedy
Batting: RHB Toyozo Yamasaki 0-0: Called Strike
0-1: Called Strike
0-2: Ground out 4-3 (Groundball, 4S)
Batting: RHB Mike Pate 0-0: Called Strike
0-1: Ball
1-1: Swinging Strike
1-2: Strikes out swinging
Batting: RHB Jeff Quesenberry 0-0: Ball
1-0: Fly out, F5 (Line Drive, 56)
Bottom of the 8th over - 0 runs, 0 hits, 0 errors, 0 left on base; Walla Walla 4 - Delaware 7
TOP OF THE 9TH
Walla Walla Walleye batting - Pitching for Delaware 1787 BC : RHP Francisco López
Batting: RHB José de la Cavallería 0-0: Called Strike
0-1: Foul Ball, location: 2F
0-2: Fly out, F8 (Flyball, 8RD)
Batting: RHB Gustavo Ortíz 0-0: Called Strike
0-1: Ball
1-1: SINGLE (Flyball, 9S)
Batting: LHB Mo Eayrs 0-0: Ball
1-0: Ball
2-0: Fly out, F9 (Line Drive, 9)
Batting: RHB Héctor Espiga 0-0: Ball
1-0: Fielders Choice at 2nd, 6-4 (Groundball, 6)
Top of the 9th over - 0 runs, 1 hit, 0 errors, 1 left on base; Walla Walla 4 - Delaware 7
Tuesday, December 19th, 2017 - OOTP Baseball 18.8 Build 76